 Dungeon Sprint DCSS version 0.21-a0-504-g2eda330 (webtiles) character file.

25527 esteth the Brawler (level 12, -9/142 (143) HPs)
             Began as a Troll Monk on Nov 26, 2017.
             Was the Champion of Jiyva.
             Mangled by a reaper
             ... wielding a +2 scythe of freezing
              (25 damage)
             ... in the Dungeon (Sprint V: "Ziggurat Sprint").
             The game lasted 00:08:41 (827 turns).

esteth the Brawler (Troll Monk)                      Turns: 827, Time: 00:08:42

HP:   -9/142 (143)  AC: 29    Str: 24    XL:     12   Next: 90%
MP:   7/11          EV:  4    Int:  5    God:    Jiyva [******]
Gold: 0             SH: 34    Dex: 19    Spells: 11/11 levels left

rFire    + + +     SeeInvis .     - Unarmed
rCold    + + .     Gourm    +   I - +18 shield of the Gong {rElec rN+ MR+ EV-5}
rNeg     + . .     Faith    .   H - +5 gold dragon scales
rPois    +         Spirit   .   (helmet restricted)
rElec    +         Reflect  +   J - +0 cloak {MR+}
rCorr    +         Harm     .   (gloves unavailable)
MR       ++...     Clarity  +   (boots unavailable) Stlth ..........NoTele +
                                O - +4 amulet of reflection (curse)
HPRegen  1.13/turn              w - +6 ring of dexterity
MPRegen  0.12/turn              N - ring of the Death Scarab {+Inv rElec rF++ rC+ Dex-4}

@: slimy, studying 2 skills
A: large, unfitting armour, antennae 1, claws 3, icy blue scales 1, thin
skeletal structure 1, camouflage 1, blurry vision 1, clarity, fast metabolism 3,
gourmand, regeneration 2, shaggy fur 1, tough skin 2, eyeballs 1, evolution 1,
jelly sensing items, jelly absorbing missiles
a: Request Jelly, Slimify, Cure Bad Mutation, Renounce Religion, Evoke
Invisibility


You were in the Dungeon.
You worshipped Jiyva.
Jiyva was exalted by your worship.
You were completely stuffed.

You visited 1 branch

Inventory:

Armour
 a - a +0 robe
 F - a +3 large shield
 G - a +3 shield
 H - +5 gold dragon scales (worn)
 I - the +18 shield of the Gong (worn) {rElec rN+ MR+ EV-5}
   (You found it in the Dungeon)

   It affects your evasion (-5).
   It insulates you from electricity.
   It protects you from negative energy.
   It affects your resistance to hostile enchantments.
 J - a +0 cloak of magic resistance (worn)
Jewellery
 w - a +6 ring of dexterity (left claw)
 x - a +6 ring of dexterity
 y - a +6 ring of intelligence
 z - a +6 ring of intelligence
 A - a +6 ring of strength
 B - a +6 ring of strength
 L - the ring of Shadows {Umbra +Inv Stlth+}
   (You found it in the Dungeon)

   [ring of stealth]

   It lets you turn invisible.
   It makes you more stealthy.
 N - the ring of the Death Scarab (right claw) {+Inv rElec rF++ rC+ Dex-4}
   (You found it in the Dungeon)

   [ring of protection from cold]

   It affects your dexterity (-4).
   It greatly protects you from fire.
   It protects you from cold.
   It insulates you from electricity.
   It lets you turn invisible.
 O - a cursed +4 amulet of reflection (around neck)
 P - an uncursed ring of ice
 R - the ring of Kindness {+Fly rPois rC+ MR+ Slay+2}
   (You found it in the Dungeon)

   [ring of protection from magic]

   It affects your accuracy and damage with ranged weapons and melee attacks
   (+2).
   It protects you from cold.
   It protects you from poison.
   It affects your resistance to hostile enchantments.
   It lets you fly.
 S - an uncursed ring of protection from cold
 T - an uncursed ring of stealth
Wands
 C - a wand of disintegration (7)
 D - a wand of iceblast (7)
 E - a wand of acid (7)
Scrolls
 h - 4 scrolls of blinking
 i - 4 scrolls of amnesia
 j - 7 scrolls of fog
 k - a scroll of holy word
 l - 5 scrolls of identify
 m - 5 scrolls of remove curse
 n - 2 scrolls of fear
 K - 3 scrolls of brand weapon
 Q - 4 scrolls of enchant armour
Potions
 c - 10 potions of curing
 d - 18 potions of heal wounds
 e - 10 potions of haste
 f - 7 potions of magic
 g - 3 potions of berserk rage
 o - 2 potions of brilliance
 p - 2 potions of invisibility
 q - 4 potions of resistance
 r - a potion of experience
 s - 5 potions of agility
 t - 5 potions of might
Books
 M - a manual of Short Blades
 U - a manual of Ice Magic
Comestibles
 b - 6 bread rations
 u - 42 fruits
 v - 4 meat rations
 V - 19 chunks of flesh


   Skills:
 + Level 15.2 Fighting
 + Level 11.4 Armour
 + Level 11.7 Dodging
 - Level 1.0 Stealth
 - Level 10.7 Shields
 + Level 17.6 Unarmed Combat


You had 11 spell levels left.
You didn't know any spells.

Dungeon Overview and Level Annotations

Branches:
Dungeon (1/1)

Altars:
Ashenzari
Cheibriados
Dithmenos
Elyvilon
Fedhas
Gozag
Hepliaklqana
Kikubaaqudgha
Makhleb
Nemelex Xobeh
Okawaru
Qazlal
Ru
Sif Muna
Trog
Uskayaw
Vehumet
Wu Jian
Xom
Yredelemnul
Zin
The Shining One
Beogh
Jiyva
Lugonu


Innate Abilities, Weirdness & Mutations

You are too large for most types of armour.
You have claws for hands.
Your metabolism is lightning-fast.
You like to eat raw meat.
You heal very quickly.
You are covered in fur. (AC +1)
You have very tough skin. (AC +2)
You have a pair of small antennae on your head.
You are partially covered in icy blue scales. (AC +2)
You have a somewhat thin skeletal structure. (Dex +2, Stealth)
Your skin changes colour to match your surroundings (Stealth+).
Scrolls take you a little longer to read.
You possess an exceptional clarity of mind.
Your body has grown golden eyes which may confuse attackers. (Acc +3)
You evolve.
You have a small jelly attached to you that senses nearby items.
You have a small jelly attached to you that may absorb incoming projectiles.


Message History

You block the tormentor's attack.
GONNNNG!
The hell knight casts a spell at you. You resist with almost no effort.
The iron imp shouts, "Turn tail, thou droning fly-bitten bum-bailey!"
The iron imp lashes its tail.
You scratch the tormentor but do no damage.
You block the bat zombie's attack.
BOUMMMMG!
You block the bat zombie's attack.
GONNNNG!
The hell knight hits you from afar with an enchanted demon trident!
* * * LOW HITPOINT WARNING * * *
The tormentor hits you but does no damage.
The tormentor hits you.
* * * LOW HITPOINT WARNING * * *
You writhe in agony.
* * * LOW HITPOINT WARNING * * *
The reaper hits you from afar with a scythe of freezing!!
You die...

▓.............▓...........▓
▓.............▓..▓.....▓..▓
▓........4....▓.▓▓▓)..▓▓▓.▓
▓......585....▓..▓)....▓..▓
..▓..8.4..▓..▓...)[©.....▓
▓ ▓.▓..222▓.▓.▓▓▓▓▓▓▓▓▓▓▓▓▓
▓..▓...422z▓..▓....8©8....▓
▓.......pZ2...▓..[..|).[..▓
▓......©..@...▓...}}..)...▓
▓▓▓▓▓▓▓▓▓▓▓▓▓▓▓...........▓
▓...........▓ ∆∆∆∆∆∆∆∆∆∆∆
▓...........▓ ∆∆∆∆∆∆∆∆∆
▓...........▓ ▓..▓.....▓..▓
▓.▓▓▓)[.▓▓▓.▓ ▓..▓))...▓..▓
▓.....©.....▓


You could see 2 iron golems, 4 reapers, a hell knight, a rust devil, 2
tormentors, 2 red devils, 2 iron imps, a wight and a bat zombie.

Vanquished Creatures
  A bone dragon (D)
  2 tentacled starspawn (D)
  3 fire giants (D)
  A white draconian (D)
  A death ooze (D)
  A fire dragon (D)
  A hydra (D)
  A thrashing horror (D)
  A skeletal warrior (D)
  2 necromancers (D)
  An oklob plant (D)
  An elephant (D)
  5 toenail golems (D)
  2 black mambas (D)
  2 spiny frogs (D)
  3 efreet (D)
  A rime drake (D)
  3 freezing wraiths (D)
  A tormentor (D)
  2 komodo dragons (D)
  A jumping spider (D)
  A large abomination (D)
  A small abomination (D)
  A shadow (D)
  A vampire (D)
  4 fire elementals (D)
  2 yaks (D)
  2 wyverns (D)
  A hungry ghost (D)
  2 steam dragons (D)
  2 nagas (D)
  2 water moccasins (D)
  An acid dragon (D)
  4 porcupines (D)
  A swamp drake (D)
  Duvessa (D)
  3 hell hounds (D)
  3 necrophages (D)
  An ice beast (D)
  2 crocodiles (D)
  A bullfrog (D)
  An earth elemental (D)
  2 scorpions (D)
  A wight (D)
  A crimson imp (D)
  A quasit (D)
  An iguana (D)
  2 adders (D)
  A river rat (D)
  A white imp (D)
  2 adder skeletons (D)
  3 adder zombies (D)
  5 ball pythons (D)
  A bat skeleton (D)
  A bat zombie (D)
  A jackal simulacrum (D)
  2 jackal zombies (D)
  2 leopard gecko skeletons (D)
  2 leopard gecko zombies (D)
  A fire vortex (D)
  A starspawn tentacle (D)
104 creatures vanquished.

Vanquished Creatures (collateral kills)
  Erica (D)
  A large abomination (D)
  A smoke demon (D)
  Grinder (D)
  Eustachio (D)
  Crazy Yiuf (D)
6 creatures vanquished.

Vanquished Creatures (others)
  A death ooze (D)
  Harold (D)
  Sigmund (D)
  2 water elementals (D)
  A steam dragon (D)
  Grum (D)
  2 wights (D)
  16 jellies (D)
  Ijyb (D)
  A quokka skeleton (D)
  5 starspawn tentacles (D)
32 creatures vanquished.

Grand Total: 142 creatures vanquished

Notes
Turn   | Place    | Note
-------+----------+-------------------------------------------
     0 | D        | Found the +6 Majin-Bo {vamp, Archmagi MP+6 Int+6}
     0 | D        | Found the +7 great mace "Firestarter" {inner flame, rF++}
     0 | D        | esteth the Troll Monk began the quest for the Orb.
     0 | D        | Reached XP level 1. HP: 22/22 MP: 0/0
     0 | D        | Found a blossoming altar of Fedhas.
     1 | D        | Found a transporter.
     1 | D        | Found a viscous altar of Jiyva.
     1 | D        | Found an ancient bone altar of Kikubaaqudgha.
     1 | D        | Found a hazy altar of Hepliaklqana.
     1 | D        | Found a corrupted altar of Lugonu.
     1 | D        | Found an opulent altar of Gozag.
     1 | D        | Found a burning altar of Makhleb.
     2 | D        | Found a sacrificial altar of Ru.
     2 | D        | Found a deep blue altar of Sif Muna.
     2 | D        | Found a stormy altar of Qazlal.
     2 | D        | Found a bloodstained altar of Trog.
     2 | D        | Found an iron altar of Okawaru.
     2 | D        | Found a sparkling altar of Nemelex Xobeh.
    33 | D        | Became a worshipper of Jiyva Jeovoerg the Shapeless
    33 | D        | Reached * piety under Jiyva
    33 | D        | Reached ** piety under Jiyva
    36 | D        | Reached *** piety under Jiyva
    36 | D        | Reached **** piety under Jiyva
    36 | D        | Gained mutation: You are weak. (Str -2) [Jiyva's grace]
    36 | D        | Lost mutation: You are weak. (Str -2) [Jiyva's grace]
    36 | D        | Reached ***** piety under Jiyva
    37 | D        | Gained mutation: You are weak. (Str -2) [Jiyva's grace]
    37 | D        | Reached ****** piety under Jiyva
    37 | D        | Gained mutation: You have a small jelly attached to you that may absorb incoming projectiles. [Jiyva's grace]
    37 | D        | Gained mutation: You are resistant to electric shocks. (rElec) [Jiyva's grace]
    37 | D        | Lost mutation: You are weak. (Str -2) [Jiyva's grace]
    38 | D        | Gained mutation: Your muscles are strong. (Str +2) [Jiyva's grace]
    38 | D        | Lost mutation: Your muscles are strong. (Str +2) [Jiyva's grace]
    40 | D        | Gained mutation: You tend to lose your temper in combat. [Jiyva's grace]
    40 | D        | Lost mutation: You tend to lose your temper in combat. [Jiyva's grace]
    40 | D        | Lost mutation: You have a small jelly attached to you that may absorb incoming projectiles. [Jiyva's grace]
    41 | D        | Gained mutation: You have a small jelly attached to you that senses nearby items. [Jiyva's grace]
    47 | D        | Gained mutation: Your system is resistant to poisons. (rPois) [Jiyva's grace]
    49 | D        | Gained mutation: You are resistant to hostile enchantments. (MR+) [Jiyva's grace]
    49 | D        | Gained mutation: Your mind is acute. (Int +2) [Jiyva's grace]
    49 | D        | Lost mutation: You are resistant to hostile enchantments. (MR+) [Jiyva's grace]
    49 | D        | Gained mutation: You are partially covered in icy blue scales. (AC +2) [Jiyva's grace]
    57 | D        | Gained mutation: Your spells are a little harder to cast, but a little more powerful. [Jiyva's grace]
    60 | D        | Gained mutation: Your body has grown golden eyes which may confuse attackers. (Acc +3) [Jiyva's grace]
    62 | D        | Gained mutation: Armour fits poorly on your pseudopods. [Jiyva's grace]
    63 | D        | Lost mutation: Your mind is acute. (Int +2) [Jiyva's grace]
    63 | D        | Gained mutation: Armour fits poorly on your large pseudopods. [Jiyva's grace]
    65 | D        | Gained mutation: Your muscles are strong. (Str +2) [Jiyva's grace]
    65 | D        | Gained mutation: You are agile. (Dex +2) [Jiyva's grace]
    65 | D        | Lost mutation: Your spells are a little harder to cast, but a little more powerful. [Jiyva's grace]
    65 | D        | Gained mutation: Your spells are a little harder to cast, but a little more powerful. [Jiyva's grace]
    65 | D        | Gained mutation: You have large cloven feet. [Jiyva's grace]
    65 | D        | Lost mutation: You are agile. (Dex +2) [Jiyva's grace]
    65 | D        | Lost mutation: Your spells are a little harder to cast, but a little more powerful. [Jiyva's grace]
    65 | D        | Lost mutation: Your muscles are strong. (Str +2) [Jiyva's grace]
    68 | D        | Gained mutation: You are somewhat resistant to further mutation. [Jiyva's grace]
    73 | D        | Gained mutation: You have very sharp teeth. [Jiyva's grace]
    75 | D        | Found the +9 heavy crossbow "Sniper" {velocity, Acc+∞ SInv}
    75 | D        | Found the +10 dark maul {crush}
    75 | D        | Found the +15 Maxwell's patent armour {-Cast -Tele rElec MR+ rCorr}
    75 | D        | Found the +18 shield of the Gong {rElec rN+ MR+ EV-5}
    75 | D        | Found the cursed +14 obsidian axe {chop, +Fly SInv *Curse}
    77 | D        | Lost mutation: Your system is resistant to poisons. (rPois) [Jiyva's grace]
    82 | D        | Lost mutation: You are resistant to electric shocks. (rElec) [Jiyva's grace]
    86 | D        | Entered arena 2.
    86 | D        | Noticed a smoke demon
    86 | D        | Noticed a large abomination
    86 | D        | Gained mutation: You are covered in slimy tendrils that may disarm your opponents. [Jiyva's grace]
    86 | D        | Found a transporter.
    89 | D        | Lost mutation: Armour fits poorly on your large pseudopods. [Jiyva's grace]
    93 | D        | Killed a large abomination
    93 | D        | Reached skill level 8 in Unarmed Combat
    93 | D        | Reached XP level 2. HP: 12/37 MP: 1/1
    93 | D        | Reached XP level 3. HP: 15/45 MP: 2/2
    93 | D        | Reached XP level 4. HP: 18/53 MP: 3/3
    93 | D        | Reached XP level 5. HP: 21/61 MP: 4/4
    93 | D        | Reached XP level 6. HP: 23/68 MP: 5/5
    95 | D        | Lost mutation: You are somewhat resistant to further mutation. [Jiyva's grace]
    96 | D        | Killed a smoke demon
    96 | D        | Reached skill level 9 in Unarmed Combat
    99 | D        | Gained mutation: You have acidic saliva. [Jiyva's grace]
   104 | D        | Lost mutation: You have very sharp teeth. [Jiyva's grace]
   108 | D        | Lost mutation: You have large cloven feet. [Jiyva's grace]
   112 | D        | Entered arena 3.
   112 | D        | Noticed a jumping spider
   112 | D        | Found a transporter.
   114 | D        | Gained mutation: You tend to lose your temper in combat. [Jiyva's grace]
   117 | D        | Reached XP level 7. HP: 79/79 MP: 6/6
   120 | D        | Lost mutation: You tend to lose your temper in combat. [Jiyva's grace]
   123 | D        | Killed a jumping spider
   123 | D        | Reached skill level 10 in Unarmed Combat
   127 | D        | Gained mutation: Armour fits poorly on your large pseudopods. [Jiyva's grace]
   132 | D        | Entered arena 4.
   132 | D        | Found a transporter.
   133 | D        | Found the +3 pair of gauntlets of War {Slay+5}
   135 | D        | Lost mutation: You are covered in slimy tendrils that may disarm your opponents. [Jiyva's grace]
   141 | D        | Lost mutation: You have acidic saliva. [Jiyva's grace]
   143 | D        | Reached XP level 8. HP: 92/92 MP: 7/7
   145 | D        | Gained mutation: You have a pair of small horns on your head. [Jiyva's grace]
   151 | D        | Lost mutation: You have a pair of small horns on your head. [Jiyva's grace]
   156 | D        | Entered arena 5.
   156 | D        | Found a transporter.
   158 | D        | Lost mutation: Your body has grown golden eyes which may confuse attackers. (Acc +3) [Jiyva's grace]
   163 | D        | Gained mutation: Your flesh is heat resistant. (rF+) [Jiyva's grace]
   165 | D        | Lost mutation: Armour fits poorly on your large pseudopods. [Jiyva's grace]
   168 | D        | Entered arena 6.
   168 | D        | Noticed a toenail golem
   168 | D        | Noticed a toenail golem
   168 | D        | Noticed a toenail golem
   168 | D        | Noticed a toenail golem
   168 | D        | Noticed a toenail golem
   168 | D        | Found a transporter.
   170 | D        | Gained mutation: You have very sharp teeth. [Jiyva's grace]
   173 | D        | Lost mutation: You have very sharp teeth. [Jiyva's grace]
   173 | D        | Gained mutation: You have a beak for a mouth. [Jiyva's grace]
   174 | D        | Lost mutation: Armour fits poorly on your pseudopods. [Jiyva's grace]
   174 | D        | Lost mutation: Your flesh is heat resistant. (rF+) [Jiyva's grace]
   174 | D        | Gained mutation: You are surrounded by a mild repulsion field. (EV +2) [Jiyva's grace]
   174 | D        | Lost mutation: You are surrounded by a mild repulsion field. (EV +2) [Jiyva's grace]
   174 | D        | Lost mutation: You are partially covered in icy blue scales. (AC +2) [Jiyva's grace]
   174 | D        | Gained mutation: You are somewhat resistant to further mutation. [Jiyva's grace]
   174 | D        | Gained mutation: You are surrounded by a mild repulsion field. (EV +2) [Jiyva's grace]
   174 | D        | Gained mutation: Your body sometimes deteriorates upon taking damage. [Jiyva's grace]
   178 | D        | Lost mutation: You are somewhat resistant to further mutation. [Jiyva's grace]
   184 | D        | Killed a toenail golem
   184 | D        | Reached skill level 11 in Unarmed Combat
   187 | D        | Killed a toenail golem
   187 | D        | Reached skill level 10 in Fighting
   188 | D        | Gained mutation: Your flesh is cold resistant. (rC+) [Jiyva's grace]
   190 | D        | Lost mutation: You are surrounded by a mild repulsion field. (EV +2) [Jiyva's grace]
   191 | D        | Killed a toenail golem
   191 | D        | Reached skill level 10 in Shields
   191 | D        | Reached skill level 12 in Unarmed Combat
   191 | D        | Reached XP level 9. HP: 99/101 MP: 8/8
   194 | D        | Lost mutation: Your flesh is cold resistant. (rC+) [Jiyva's grace]
   197 | D        | Killed a toenail golem
   202 | D        | Gained mutation: You have sharp toenails. [Jiyva's grace]
   204 | D        | Killed a toenail golem
   206 | D        | Gained mutation: You are partially covered in icy blue scales. (AC +2) [Jiyva's grace]
   212 | D        | Gained mutation: Your mind is acute. (Int +2) [Jiyva's grace]
   218 | D        | Gained mutation: Your body has grown golden eyes which may confuse attackers. (Acc +3) [Jiyva's grace]
   219 | D        | Entered arena 7.
   220 | D        | Found a transporter.
   224 | D        | Gained mutation: Armour fits poorly on your pseudopods. [Jiyva's grace]
   235 | D        | Gained mutation: You are frail. (-10% HP) [Jiyva's grace]
   238 | D        | Gained mutation: You have a small jelly attached to you that may absorb incoming projectiles. [Jiyva's grace]
   241 | D        | Gained mutation: You are covered in slimy tendrils that may disarm your opponents. [Jiyva's grace]
   242 | D        | Lost mutation: Your body has grown golden eyes which may confuse attackers. (Acc +3) [Jiyva's grace]
   242 | D        | Lost mutation: You are frail. (-10% HP) [Jiyva's grace]
   243 | D        | Entered arena 8.
   243 | D        | Lost mutation: You have sharp toenails. [Jiyva's grace]
   244 | D        | Found a transporter.
   244 | D        | Lost mutation: You have a small jelly attached to you that senses nearby items. [Jiyva's grace]
   244 | D        | Gained mutation: Your rubbery body absorbs attacks. (AC +1, EV +1) [Jiyva's grace]
   244 | D        | Gained mutation: Your body has grown golden eyes which may confuse attackers. (Acc +3) [Jiyva's grace]
   261 | D        | Gained mutation: Your muscles are strong. (Str +2) [Jiyva's grace]
   262 | D        | Entered arena 9.
   262 | D        | Noticed a black mamba
   262 | D        | Noticed a black mamba
   264 | D        | Killed a black mamba
   264 | D        | Reached skill level 1 in Armour
   264 | D        | Reached skill level 13 in Unarmed Combat
   269 | D        | Found a transporter.
   274 | D        | Gained mutation: You have a pair of small antennae on your head. [Jiyva's grace]
   277 | D        | Lost mutation: Armour fits poorly on your pseudopods. [Jiyva's grace]
   282 | D        | Gained mutation: You possess an exceptional clarity of mind. [Jiyva's grace]
   285 | D        | Lost mutation: You possess an exceptional clarity of mind. [Jiyva's grace]
   285 | D        | Gained mutation: You are partially covered in rugged brown scales. (AC +1, +3% HP) [Jiyva's grace]
   285 | D        | Gained mutation: You have an increased reservoir of magic. (+10% MP) [Jiyva's grace]
   288 | D        | Killed a black mamba
   291 | D        | Got the ring of the Death Scarab {+Inv rElec rF++ rC+ Dex-4}
   301 | D        | Lost mutation: Your muscles are strong. (Str +2) [Jiyva's grace]
   302 | D        | Entered arena 10.
   302 | D        | Noticed a rime drake
   303 | D        | Found a transporter.
   308 | D        | Killed a rime drake
   308 | D        | Reached XP level 10. HP: 111/117 MP: 10/10
   326 | D        | Lost mutation: Your mind is acute. (Int +2) [Jiyva's grace]
   348 | D        | Entered arena 11.
   348 | D        | Noticed a shining eye
   348 | D        | Gained mutation: You evolve. [Jiyva's grace]
   348 | D        | Lost mutation: Your rubbery body absorbs attacks. (AC +1, EV +1) [Jiyva's grace]
   348 | D        | Lost mutation: Your body sometimes deteriorates upon taking damage. [Jiyva's grace]
   348 | D        | Lost mutation: You are covered in slimy tendrils that may disarm your opponents. [Jiyva's grace]
   348 | D        | Lost mutation: You have an increased reservoir of magic. (+10% MP) [Jiyva's grace]
   349 | D        | Found a transporter.
   349 | D        | Gained mutation: Your body has grown many golden eyes which may confuse attackers. (Acc +5) [Jiyva's grace]
   350 | D        | Gained mutation: Your body is covered in golden eyes which may confuse attackers. (Acc +7, SInv) [Jiyva's grace]
   351 | D        | Lost mutation: You have a pair of small antennae on your head. [Jiyva's grace]
   360 | D        | Gained mutation: You are robust. (+10% HP) [Jiyva's grace]
   363 | D        | Entered arena 12.
   370 | D        | Reached skill level 5 in Dodging
   371 | D        | Lost mutation: You have a small jelly attached to you that may absorb incoming projectiles. [Jiyva's grace]
   384 | D        | Gained mutation: Your mind is acute. (Int +2) [Jiyva's grace]
   393 | D        | Reached skill level 5 in Armour
   393 | D        | Reached skill level 14 in Unarmed Combat
   399 | D        | Lost mutation: You evolve. [Jiyva's grace]
   399 | D        | Gained mutation: You are somewhat resistant to further mutation. [Jiyva's grace]
   400 | D        | Found the +10 zealot's sword {holy, *Rage rN+ EV+3}
   400 | D        | Found a transporter.
   413 | D        | Entered arena 13.
   413 | D        | Noticed Ijyb
   413 | D        | Noticed Nessos
   413 | D        | Noticed Eustachio
   413 | D        | Noticed Crazy Yiuf
   413 | D        | Noticed Sigmund
   414 | D        | Noticed Harold
   414 | D        | Noticed Erica
   414 | D        | Noticed Duvessa
   414 | D        | Noticed Polyphemus
   414 | D        | Noticed Grum
   414 | D        | Noticed Grinder
   415 | D        | Found a transporter.
   417 | D        | Gained mutation: You possess an exceptional clarity of mind. [Jiyva's grace]
   423 | D        | Killed Erica
   426 | D        | Killed Duvessa
   429 | D        | Lost mutation: Your mind is acute. (Int +2) [Jiyva's grace]
   433 | D        | Slimified Polyphemus
   433 | D        | Noticed Polyphemus
   433 | D        | Polyphemus changed into Polyphemus the azure jelly
   433 | D        | Killed Sigmund
   435 | D        | Lost mutation: You are robust. (+10% HP) [Jiyva's grace]
   435 | D        | Lost mutation: You have a beak for a mouth. [Jiyva's grace]
   435 | D        | Killed Grinder
   436 | D        | Killed Harold
   436 | D        | Killed Ijyb
   438 | D        | Killed Grum
   438 | D        | Killed Crazy Yiuf
   438 | D        | Lost mutation: You are somewhat resistant to further mutation. [Jiyva's grace]
   439 | D        | Killed Eustachio
   440 | D        | Gained mutation: You have a small jelly attached to you that senses nearby items. [Jiyva's grace]
   440 | D        | Gained mutation: Your rubbery body absorbs attacks. (AC +1, EV +1) [Jiyva's grace]
   440 | D        | Lost mutation: You possess an exceptional clarity of mind. [Jiyva's grace]
   440 | D        | Lost mutation: You are partially covered in icy blue scales. (AC +2) [Jiyva's grace]
   442 | D        | Slimified Nessos
   442 | D        | Noticed Nessos
   442 | D        | Nessos changed into Nessos the slime creature
   443 | D        | Gained mutation: Your translucent skin slightly reduces your foes' accuracy. (Stealth) [Jiyva's grace]
   445 | D        | Gained mutation: You are covered in slimy tendrils that may disarm your opponents. [Jiyva's grace]
   445 | D        | Lost mutation: You have a small jelly attached to you that senses nearby items. [Jiyva's grace]
   448 | D        | Lost mutation: You are partially covered in rugged brown scales. (AC +1, +3% HP) [Jiyva's grace]
   449 | D        | Gained mutation: Your translucent skin reduces your foes' accuracy. (Stealth) [Jiyva's grace]
   449 | D        | Lost mutation: You are covered in slimy tendrils that may disarm your opponents. [Jiyva's grace]
   451 | D        | Gained mutation: You are covered in slimy tendrils that may disarm your opponents. [Jiyva's grace]
   451 | D        | Lost mutation: Your rubbery body absorbs attacks. (AC +1, EV +1) [Jiyva's grace]
   452 | D        | Gained mutation: You expend magic power (3 MP) to strengthen your wands. [Jiyva's grace]
   455 | D        | Got the ring of Kindness {+Fly rPois rC+ MR+ Slay+2}
   455 | D        | Gained mutation: You have a pair of small antennae on your head. [Jiyva's grace]
   460 | D        | Entered arena 14.
   460 | D        | Noticed a vampire mage
   460 | D        | Gained mutation: You have acidic saliva. [Jiyva's grace]
   460 | D        | Gained mutation: Armour fits poorly on your strangely shaped body. [Jiyva's grace]
   460 | D        | Gained mutation: Your rubbery body absorbs attacks. (AC +1, EV +1) [Jiyva's grace]
   460 | D        | Lost mutation: You have a pair of small antennae on your head. [Jiyva's grace]
   460 | D        | Lost mutation: Armour fits poorly on your strangely shaped body. [Jiyva's grace]
   460 | D        | Gained mutation: You evolve. [Jiyva's grace]
   463 | D        | Noticed a necromancer
   464 | D        | Lost mutation: You expend magic power (3 MP) to strengthen your wands. [Jiyva's grace]
   464 | D        | Lost mutation: You evolve. [Jiyva's grace]
   465 | D        | Gained mutation: You are resistant to hostile enchantments. (MR+) [Jiyva's grace]
   465 | D        | Lost mutation: You have acidic saliva. [Jiyva's grace]
   465 | D        | Lost mutation: You are resistant to hostile enchantments. (MR+) [Jiyva's grace]
   466 | D        | Noticed a skeletal warrior
   469 | D        | Noticed a necromancer
   471 | D        | Lost mutation: You are covered in slimy tendrils that may disarm your opponents. [Jiyva's grace]
   472 | D        | Slimified a vampire mage
   472 | D        | Noticed a death ooze
   472 | D        | a vampire mage changed into a death ooze
   473 | D        | Lost mutation: Your body is covered in golden eyes which may confuse attackers. (Acc +7, SInv) [Jiyva's grace]
   474 | D        | Killed a death ooze
   474 | D        | Gained mutation: You are partially covered in slimy green scales. (AC +2) [Jiyva's grace]
   476 | D        | Noticed a death ooze
   476 | D        | a vampire changed into a death ooze
   476 | D        | Lost mutation: Your body has grown many golden eyes which may confuse attackers. (Acc +5) [Jiyva's grace]
   479 | D        | Killed a necromancer
   479 | D        | Killed a death ooze
   482 | D        | Gained mutation: You possess an exceptional clarity of mind. [Jiyva's grace]
   500 | D        | Lost mutation: You possess an exceptional clarity of mind. [Jiyva's grace]
   502 | D        | Killed a skeletal warrior
   502 | D        | Reached XP level 11. HP: 117/123 MP: 10/10
   511 | D        | Killed a necromancer
   517 | D        | Lost mutation: Your rubbery body absorbs attacks. (AC +1, EV +1) [Jiyva's grace]
   529 | D        | Found a transporter.
   529 | D        | Gained mutation: Your body has grown many golden eyes which may confuse attackers. (Acc +5) [Jiyva's grace]
   539 | D        | Entered arena 15.
   540 | D        | Noticed a fire giant
   540 | D        | Noticed a fire dragon
   540 | D        | Gained mutation: You have acidic saliva. [Jiyva's grace]
   541 | D        | Noticed a fire giant
   541 | D        | Gained mutation: You evolve. [Jiyva's grace]
   544 | D        | Lost mutation: Your translucent skin reduces your foes' accuracy. (Stealth) [Jiyva's grace]
   551 | D        | Noticed a fire giant
   559 | D        | Killed a fire giant
   559 | D        | Reached skill level 15 in Unarmed Combat
   565 | D        | Killed a fire giant
   567 | D        | Lost mutation: You evolve. [Jiyva's grace]
   571 | D        | Lost mutation: You are partially covered in slimy green scales. (AC +2) [Jiyva's grace]
   583 | D        | Killed a fire dragon
   585 | D        | Gained mutation: You are partially covered in thin metallic scales. (AC +2) [Jiyva's grace]
   589 | D        | Found the ring of Shadows {Umbra +Inv Stlth+}
   598 | D        | Killed a fire giant
   598 | D        | Reached skill level 16 in Unarmed Combat
   600 | D        | Lost mutation: You are partially covered in thin metallic scales. (AC +2) [Jiyva's grace]
   603 | D        | Found a transporter.
   612 | D        | Lost mutation: Your translucent skin slightly reduces your foes' accuracy. (Stealth) [Jiyva's grace]
   612 | D        | Gained mutation: Your skin changes colour to match your surroundings (Stealth+). [Jiyva's grace]
   620 | D        | Entered arena 16.
   621 | D        | Noticed a bone dragon
   621 | D        | Noticed a tentacled starspawn
   621 | D        | Noticed a tentacled starspawn
   622 | D        | Noticed a white draconian
   623 | D        | Noticed a thrashing horror
   624 | D        | Gained mutation: Your spells are a little harder to cast, but a little more powerful. [Jiyva's grace]
   625 | D        | Gained mutation: You have a pair of small horns on your head. [Jiyva's grace]
   634 | D        | Killed a thrashing horror
   639 | D        | Killed a tentacled starspawn
   639 | D        | Reached skill level 10 in Dodging
   639 | D        | Reached XP level 12. HP: 126/138 MP: 11/11
   647 | D        | Gained mutation: You are resistant to hostile enchantments. (MR+) [Jiyva's grace]
   660 | D        | Gained mutation: Your muscles are strong. (Str +2) [Jiyva's grace]
   662 | D        | Killed a bone dragon
   662 | D        | Reached skill level 10 in Armour
   668 | D        | Killed a tentacled starspawn
   668 | D        | Reached skill level 17 in Unarmed Combat
   673 | D        | Gained mutation: You have sharp toenails. [Jiyva's grace]
   674 | D        | Killed a white draconian
   688 | D        | Gained mutation: Your rubbery body absorbs attacks. (AC +1, EV +1) [Jiyva's grace]
   694 | D        | Gained mutation: You heal very quickly. [Jiyva's grace]
   703 | D        | Found a transporter.
   704 | D        | Lost mutation: Your rubbery body absorbs attacks. (AC +1, EV +1) [Jiyva's grace]
   711 | D        | Lost mutation: You are resistant to hostile enchantments. (MR+) [Jiyva's grace]
   713 | D        | Gained mutation: You are partially covered in icy blue scales. (AC +2) [Jiyva's grace]
   714 | D        | Lost mutation: Your body has grown many golden eyes which may confuse attackers. (Acc +5) [Jiyva's grace]
   716 | D        | Entered arena 17.
   717 | D        | Noticed a four-headed hydra
   717 | D        | Gained mutation: You have a small jelly attached to you that may absorb incoming projectiles. [Jiyva's grace]
   721 | D        | Lost mutation: Your body has grown golden eyes which may confuse attackers. (Acc +3) [Jiyva's grace]
   724 | D        | Gained mutation: You have a small jelly attached to you that senses nearby items. [Jiyva's grace]
   725 | D        | Lost mutation: You have acidic saliva. [Jiyva's grace]
   727 | D        | Lost mutation: You have sharp toenails. [Jiyva's grace]
   730 | D        | Gained mutation: You evolve. [Jiyva's grace]
   730 | D        | Lost mutation: Your spells are a little harder to cast, but a little more powerful. [Jiyva's grace]
   732 | D        | Killed an eight-headed hydra
   732 | D        | Reached skill level 15 in Fighting
   738 | D        | Gained mutation: You have a somewhat thin skeletal structure. (Dex +2, Stealth) [Jiyva's grace]
   738 | D        | Gained mutation: You are dopey. (Int -2) [Jiyva's grace]
   739 | D        | Lost mutation: You have a pair of small horns on your head. [Jiyva's grace]
   739 | D        | Lost mutation: You are dopey. (Int -2) [Jiyva's grace]
   741 | D        | Lost mutation: Your muscles are strong. (Str +2) [Jiyva's grace]
   742 | D        | Gained mutation: You have a pair of small antennae on your head. [Jiyva's grace]
   748 | D        | Gained mutation: Scrolls take you a little longer to read. [Jiyva's grace]
   748 | D        | Gained mutation: Your body has grown golden eyes which may confuse attackers. (Acc +3) [Jiyva's grace]
   763 | D        | Gained mutation: You possess an exceptional clarity of mind. [Jiyva's grace]
   794 | D        | Found a transporter.
   814 | D        | Entered arena 18.
   817 | D        | Noticed a reaper
   817 | D        | Noticed a reaper
   817 | D        | Noticed a reaper
   817 | D        | Noticed a reaper
   827 | D        | Mangled by a reaper

Vault maps used:
D:        sprint_v

Skill      XL: |  1  2  3  4  5  6  7  8  9 10 11 12 |
---------------+-------------------------------------+-----
Fighting       | 6 7 9 10 11 12 14 15 | 15.2
Shields        | 6 7 8 10 | 10.7
Unarmed Combat | 8 9 10 12 13 14 16 17 | 17.6
Armour         | 3 6 9 11 | 11.4
Dodging        | 4 7 10 11 | 11.7
Stealth        | |  1.0

Action                   |  1- 3 |  4- 6 |  7- 9 | 10-12 || total
-------------------------+-------+-------+-------+-------++-------
Melee: Unarmed           |     3 |     4 |    89 |   310 ||   406
       Kick              |     2 |       |     3 |    20 ||    25
       Pseudopods        |       |     1 |    12 |       ||    13
       Bite              |       |       |     3 |    21 ||    24
       Peck              |       |       |    21 |    16 ||    37
       Headbutt          |       |       |       |    38 ||    38
Invok: Slimify           |       |       |     1 |     6 ||     7
       Request Jelly     |       |       |       |     3 ||     3
 Stab: Confused          |       |       |     3 |    10 ||    13
       Distracted        |       |       |       |     1 ||     1
Armor: Gold dragon scale |     1 |     4 |    21 |   153 ||   179
Dodge: Dodged            |       |       |     1 |    35 ||    36
Block: Shield            |     5 |     5 |   110 |   533 ||   653
       Reflection        |       |       |     3 |     7 ||    10
       Other             |       |       |       |     2 ||     2

Table legend:
 A = Spawn XP
 B = Non-spawn XP
 C = Spawn XP percentage of total XP
 D = Spawn monster count
 E = Non-spawn monster count
 F = Spawn count percentage of total count
 G = Total turns spent on level
                    A         B        C        D         E        F      G
               +---------+---------+-------+---------+---------+-------+---------
         Total |       0 |   36468 |   0.0 |       0 |     112 |   0.0 |   827
               +---------+---------+-------+---------+---------+-------+---------
             D |       0 |   36468 |   0.0 |       0 |     112 |   0.0 |   827
               +---------+---------+-------+---------+---------+-------+---------
